Zazza, neutral female human Tourist -------- ----------- |......| |.>.......|# -------- |......-# |.........|########I###.^......## ----.-.-### |`........|# |..>...| # # # # ------.----############..^....| ### ### # ################## ------.- # ----------- # # # # # ###|.((((((((| # # ### # ### #+@((((((.(| # # # # # |.((((m@((| # # ### # ### |.((((((.(| # # # # # ----------- # # ### # ### # # # ### # -------.--##############` # ### |.........# # --|------------ ### ---.----------- |........| # |.............| #####`|.............| |........-#### |...`.......<.| ###|.............| ---------- ##..............| #..............| --------------- --------------- Zazza the Rambler Experience level: 1 Strength: 14 Dexterity: 10 Constitution: 14 Intelligence: 13 Wisdom: 8 Charisma: 18 Health: 0(10) Energy: 2(2) Def: 0 Gold: 0 Moves: 1917 Dungeon seed: pQYmbgIwg2-yGB37 Game ID: Zazza_1599325643 Your Inventory: Amulets w - an uncursed amulet versus poison (being worn) Weapons a - 22 +2 darts (in quiver) m - a +0 orcish dagger p - a +0 orcish bow t - 11 +0 darts u - 8 +0 crossbow bolts z - a +0 elven dagger (weapon in hand) Armor e - an uncursed +0 Hawaiian shirt (being worn) y - an uncursed +2 cloak of invisibility Comestibles b - 7 uncursed food rations c - 2 uncursed tripe rations d - 2 uncursed eggs D - an uncursed tripe ration Scrolls h - 2 uncursed scrolls of magic mapping i - a blessed scroll of magic mapping A - a cursed scroll of amnesia E - an uncursed scroll of enchant weapon Potions g - 2 uncursed potions of extra healing o - an uncursed potion of oil r - a blessed potion of speed v - a blessed potion of healing Rings B - an uncursed -3 ring of protection Wands F - a cursed wand of speed monster (0:6) Tools j - an expensive camera (0:64) k - an uncursed credit card q - an uncursed bell C - an uncursed towel G - an uncursed oilskin sack Gems n - an uncursed worthless piece of white glass Contents of the oilskin sack: 1879 gold pieces Spells and supernatural/magical abilities: Name Level Category Fail Memory W - pray for help -- divine ? -- Your skills at the end: Fighting Skills Weapon Skills dart [Basic] Spellcasting Skills Final Attributes: You were nominally aligned. You were poison resistant. You are dead. Vanquished creatures: a hobbit a giant rat 2 yellow molds 5 geckos 2 jackals a fox 4 kobolds a goblin 7 sewer rats 3 grid bugs 6 lichens 4 newts 37 creatures vanquished. Voluntary challenges: You were vegetarian. You were an atheist. You used a wielded weapon 10 times, starting on turn 841. You read items or engraved 1 time, starting on turn 280. You never genocided any monsters. You never polymorphed an object. You never changed form. You used no wishes. You never split a pudding. You never wrote Elbereth's name. You never violated your personal moral code. Dungeon overview: The Dungeons of Doom: levels 1 to 4 Level 1 a fountain, a sink a long staircase Level 2 a fountain Level 3 Level 4 <- You were here a hardware shop a long staircase History has recorded: On T:1 you entered the Dungeons of Doom to retrieve the Amulet of Yendor! On T:556 you reached level 2 of The Dungeons of Doom. On T:1073 you reached level 3 of The Dungeons of Doom. On T:1530 you reached level 4 of The Dungeons of Doom. Score breakdown: Gold: 1102 (10349 points) Experience: 1 level ( 0 points) Exploration: 4 levels ( 7.55%) ( 7205 points) Discoveries: 3 items ( 1.01%) ( 3010 points) Valuables value: (no points given unless you survive) Artifact value: 0 ( 0 points) Variety of kills: 12 monsters ( 3.15%) ( 5324 points) Turncount: 1917 turns ( 0 points) Survival: died (score multiplied by 80%) Total score: 20710 Latest messages: D - a tripe ration (unpaid, 14 zorkmids). The scroll labeled FOOBIE BLETCH will cost you 54 zorkmids. E - a scroll labeled FOOBIE BLETCH (unpaid, 54 zorkmids). The brass wand will cost you 178 zorkmids. F - a brass wand (unpaid, 178 zorkmids). You see here a leash (18 zorkmids). You hear some noises in the distance. You see here a tin opener (27 zorkmids). You see here a bag (89 zorkmids). You carefully open the bag... "For you, most gracious lady; only 89 for this bag." G - a bag (unpaid, 89 zorkmids). You put 1879 gold pieces into the bag. You see here a tin opener (27 zorkmids). You see here a mirror (9 zorkmids). You see here a lock pick (18 zorkmids). You see here a figurine of a gecko (71 zorkmids). Wait! That's a small mimic! The small mimic hits! You die... Trahnil comes and takes all your possessions. Final status: Aloha Zazza the Tourist, killed by a small mimic... You died in The Dungeons of Doom on dungeon level 4 with 20710 points, and 1879 pieces of gold, after 1917 moves. You were level 1 with a maximum of 10 hit points when you died.